AoeStats
← Herby

Arena

504629683Analyzed
1v1 RM · 26d ago on Sep 6, 2026· 19m 43s· 2 players
Game mode
Random Map
Map size
Tiny (2 player)
Population
200
Speed
Normal
Resources
Standard
Victory
Conquest
Starting age
Dark Age
Ending age
Imperial Age
RankedLock teamsTeams togetherTeam positionsShared explorationLock speedFull tech treeHidden civsTurbo modeCheats
Victory
Defeat
🇹🇼 Wei · Taiwan
1360
+16
🇲🇽 Khmer · Mexico
1353
-16
Herby
9:52 Feudal Age
11:16 Loom
14:11 Castle Age
12:55 Double-Bit Axe
13:04 Gold Mining
15:42 Bow Saw
Feather
8:48 Feudal Age
9:19 Double-Bit Axe
9:15 Horse Collar
11:26 Wheelbarrow
14:37 Gold Mining
17:21 Castle Age
16:40 Fletching
17:14 Scale Barding Armor
18:00 Bloodlines
18:03 Loom
18:33 Bow Saw
Connection lost

Rejoining the realm…

Still unreachable

The connection could not be restored.

Session expired

The server has moved on; the page needs a fresh start.